 Dungeon Crawl Stone Soup version 0.20-b1-2-gc5a9893 (webtiles) character file.

284 Jawreze the Slasher (level 6, 0/47 HPs)
             Began as a Human Fighter on May 21, 2017.
             Slain by a jackal (3 damage)
             ... on level 4 of the Dungeon.
             The game lasted 00:09:05 (3444 turns).

Jawreze the Slasher (Human Fighter)                 Turns: 3444, Time: 00:09:06

Health: 0/47       AC:  7    Str: 17    XL:     6   Next: 54%
Magic:  6/6        EV:  7    Int: 10    God:
Gold:   170        SH:  9    Dex: 12    Spells: 5/5 levels left

rFire    . . .     SeeInvis .   a - +0 long sword
rCold    . . .     Gourm    .   c - +0 shield
rNeg     . . .     Faith    .   b - +0 scale mail
rPois    .         Spirit   .   s - +1 hat
rElec    .         Reflect  .   (no cloak)
rCorr    .         Harm     .   (no gloves)
MR       .....                  (no boots)
Stlth    ..........             (no amulet)
Regen    0.2/turn               (no ring)
MPRegen  0.1/turn               (no ring)

@: no status effects
A: no striking features
a: no special abilities


You were on level 4 of the Dungeon.
You were not hungry.

You visited 1 branch of the dungeon, and saw 4 of its levels.

You collected 170 gold pieces.

Inventory:

Hand Weapons
 a - a +0 long sword (weapon)
 w - a +0 hunting sling
 B - a +0 dagger of venom
Missiles
 x - 81 stones (quivered)
 A - 41 bolts
Armour
 b - a +0 scale mail (worn)
 c - a +0 shield (worn)
 s - a +1 hat (worn)
Jewellery
 k - an uncursed amulet of rage {unknown}
 z - an uncursed amulet of harm {unknown}
 C - an uncursed ring of see invisible {unknown}
Scrolls
 e - 2 scrolls of blinking {unknown}
 h - 8 scrolls of identify {unknown}
 j - a scroll of fog {unknown}
 n - a scroll of remove curse {unknown}
 o - 2 scrolls of enchant armour {unknown}
 q - 2 scrolls of random uselessness {unknown}
 r - 2 scrolls of recharging {unknown}
 u - 2 scrolls of noise {unknown}
 y - a scroll of teleportation {unknown}
Potions
 d - a potion of might
 i - a potion of magic {unknown}
 m - 2 potions of degeneration {unknown}
 p - a potion of agility {unknown}
 t - 2 potions of brilliance {unknown}
Comestibles
 f - 3 bread rations
 g - 5 meat rations
 l - 2 chunks of flesh
 v - 3 fruits


   Skills:
 - Level 3.1 Fighting
 + Level 6.0 Long Blades
 - Level 3.3 Armour
 - Level 3.1 Shields


You had 5 spell levels left.
You didn't know any spells.

Dungeon Overview and Level Annotations

Branches:
Dungeon (4/15)
 Temple: D:4-7

Altars:
Qazlal


Message History

The orc priest invokes the aid of Beogh against you.
Beogh smites you!
The jackal bites you but does no damage.
The orc priest looks satisfied for a moment.
The orc barely misses you.
You riposte.
You hit the orc.
The orc is moderately wounded.
The orc priest calls upon Beogh to heal the orc.
The orc's wounds heal themselves!
You hear a shout!
The jackal bites you but does no damage. x2
The jackal bites you but does no damage.
An orc wizard comes into view. It is wielding a dagger.
You barely miss the jackal.
The jackal is severely wounded.
The jackal bites you.
The orc priest calls down the wrath of Beogh upon you.
Beogh smites you!
* * * LOW HITPOINT WARNING * * *
The jackal bites you.
You die...

. #.... +.............. .
.... #.............. . #.
#..# #..###...##....
..##o##..####..##########'#
.......o...................
........o..................
.........oo................
...#.....#h................
#######@..........####..
#.#######...####.. ###
#.>........ #..........
#.......... ##.##......
##########


You could see 2 orc priests, 2 orcs and a jackal.

Vanquished Creatures
  The ghost of nicetomeet the Poker, an amateur MfSk of Kikubaaqudgha (D:3)
  An orc priest (D:2)
  4 adders
  An ooze (D:1)
  2 worms
  2 dart slugs
  2 leopard geckos
  3 orcs
  2 bat skeletons (D:2)
  A bat zombie (D:2)
  5 giant cockroaches
  5 goblins
  7 hobgoblins
  6 jackals
  9 kobolds
  2 ball pythons
  6 bats
  8 frilled lizards
  2 quokka skeletons (D:2)
  9 rats
78 creatures vanquished.

Notes
Turn   | Place    | Note
-------+----------+-------------------------------------------
     0 | D:1      | Jawreze the Human Fighter began the quest for the Orb.
     0 | D:1      | Reached XP level 1. HP: 18/18 MP: 1/1
     3 | D:1      | Noticed an electric eel
     3 | D:1      | Noticed an electric eel
    66 | D:1      | Reached XP level 2. HP: 24/24 MP: 2/2
   842 | D:1      | Reached XP level 3. HP: 27/29 MP: 3/3
  1276 | D:2      | Reached skill level 3 in Long Blades
  1287 | D:2      | Found a stormy altar of Qazlal.
  1511 | D:2      | Reached XP level 4. HP: 35/35 MP: 4/4
  1894 | D:2      | Found a faded altar of an unknown god.
  1900 | D:2      | Reached skill level 4 in Long Blades
  2062 | D:2      | Reached XP level 5. HP: 3/41 MP: 5/5
  2506 | D:3      | Noticed nicetomeet's ghost (amateur MfSk)
  2528 | D:3      | Killed nicetomeet's ghost
  2528 | D:3      | Reached skill level 5 in Long Blades
  2528 | D:3      | Reached XP level 6. HP: 45/47 MP: 6/6
  2905 | D:3      | Reached skill level 6 in Long Blades
  3075 | D:4      | Noticed an ogre
  3444 | D:4      | Slain by a jackal

Skill      XL: |  1  2  3  4  5  6 |
---------------+-------------------+-----
Long Blades    | 3 4 5 6 |  6.0
Fighting       | |  3.1
Armour         | |  3.3
Shields        | |  3.1

Action                   |  1- 3 |  4- 6 || total
-------------------------+-------+-------++-------
Melee: Long sword        |    88 |   132 ||   220
       Dagger            |       |     2 ||     2
  Use: Potion            |       |     1 ||     1
  Eat: Chunk             |     2 |     6 ||     8
Armor: Scale mail        |    45 |    53 ||    98
Dodge: Dodged            |    17 |    50 ||    67
Block: Shield            |    39 |    61 ||   100
       Rpst.: Long sword |     7 |    17 ||    24
